 Dungeon Crawl Stone Soup version 0.30.1-11-g7821555f0a (webtiles) character file.

Game seed: 2775737265582785338

253 lonewolfV2 the Fighter (level 5, 0/53 HPs)
             Began as a Minotaur Monk on Nov 10, 2023.
             Slain by an ice beast (1 damage)
             ... on level 5 of the Dungeon.
             The game lasted 00:04:09 (2373 turns).

lonewolfV2 the Fighter (Minotaur Monk)              Turns: 2373, Time: 00:04:10

Health: 0/53       AC:  4    Str: 17 (18) XL:     5   Next: 90%
Magic:  3/3        EV: 12    Int:  5 (7)  God:
Gold:   60         SH:  0    Dex: 10 (12) Spells: 4/4 levels left

rFire   + . .        a - +0 hand axe
rCold   . . .        d - orb {light}
rNeg    . . .        b - +0 robe
rPois   .            (helmet restricted)
rElec   .            o - +0 cloak
rCorr   .            (no gloves)
SInv    .            (no boots)
Will    .....        (no amulet)
Stlth   +            i - ring of protection from fire
HPRegen 0.00/turn    (no ring)
MPRegen 0.08/turn

%: no passive effects
@: attractive, inhibited regen, glowing
A: horns 2, retaliatory headbutt, low MP 1, shaggy fur 1, inhibited regeneration
a: no special abilities


You were on level 5 of the Dungeon.
You visited 1 branch of the dungeon, and saw 4 of its levels.

You collected 60 gold pieces.

Inventory:

Hand Weapons
 a - a +0 hand axe (weapon)
Armour
 b - a +0 robe (worn)
 d - an orb of light (worn)
 o - a +0 cloak (worn)
Jewellery
 i - a ring of protection from fire (left hand)
Scrolls
 g - a scroll of brand weapon {unknown}
 h - a scroll of enchant armour {unknown}
 j - 3 scrolls of noise {unknown}
 l - 2 scrolls of identify {unknown}
 n - a scroll of fear {unknown}


   Skills:
 * Level 8.1 Fighting
 - Level 3.6 Axes
 - Level 3.2 Dodging


You had 4 spell levels left.
You didn't know any spells.
Your spell library contained the following spells:

 Spells                   Type           Power      Damage    Failure   Level
 Magic Dart               Conj           0%         1d3       47%         1
 Necrotise                Necr           0%         1d4       47%         1
 Call Imp                 Summ           0%         N/A       63%         2
 Mephitic Cloud           Conj/Pois/Air  0%         N/A       85%         3
 Vampiric Draining        Necr           0%         2d6       85%         3
 Agony                    Necr           0%         N/A       100%        5


Dungeon Overview and Level Annotations

Branches:
Dungeon (5/15)
 Temple: D:4-7

Altars:


Innate Abilities, Weirdness & Mutations

You have a pair of horns on your head.
You reflexively headbutt those who attack you in melee.
Your magical capacity is low. (-10% MP)
You are covered in fur. (AC +1)
You do not regenerate when monsters are visible.


Message History

The ice beast hits you but does no damage.
You bump into the rock wall.
The ice beast hits you but does no damage.
You bump into the rock wall.
The ice beast completely misses you.
You bump into the rock wall.
You feel less invigorated.
You feel less confused. The ice beast misses you.
You barely miss the ice beast.
The ice beast is lightly wounded.
The ice beast hits you but does no damage.
You hit the ice beast but do no damage.
The ice beast is lightly wounded.
The ice beast hits you but does no damage.
You hit the ice beast.
The ice beast is moderately wounded.
The ice beast closely misses you.
You hit the ice beast. Your headbutt misses the ice beast.
The ice beast is moderately wounded.
The ice beast hits you. The ice beast freezes you!
You completely miss the ice beast.
The ice beast is moderately wounded.
The ice beast hits you but does no damage.
You hit the ice beast but do no damage.
You headbutt the ice beast, but do no damage.
The ice beast is moderately wounded.
The ice beast hits you but does no damage.
You hit the ice beast. You headbutt the ice beast.
The ice beast is heavily wounded.
The ice beast hits you.
* * * LOW HITPOINT WARNING * * *
The ice beast freezes you!
* * * LOW HITPOINT WARNING * * *
You hit the ice beast. You headbutt the ice beast.
The ice beast is heavily wounded.
The ice beast barely misses you.
You hit the ice beast.
The ice beast is severely wounded.
The ice beast hits you but does no damage.
The ice beast hits you.
You die...

.... . .... .. ... ...
#.. .... #.# ####..... #
#.# #.)......
....#######.####)##.....
.....gY@........)# ....
###########..##.)# ...
##.##..# # ..
#.##..#.#....
#.##.......#
#.###.#.#..# #.. #.#.# #
##. #.# # . ..#


You could see an ice beast and a gnoll.

Vanquished Creatures
  A black bear (D:5)
  An orc priest (D:5)
  An orc wizard (D:5)
  3 gnolls (D:5)
  4 adders
  3 orcs (D:5)
  3 endoplasms
  3 giant cockroaches
  4 goblins
  2 hobgoblins
  4 jackals (D:1)
  A kobold (D:2)
  A quokka (D:1)
  3 ball pythons
  2 bats
  9 frilled lizards
  4 rats
49 creatures vanquished.

Notes
Turn   | Place    | Note
-------+----------+-------------------------------------------
     0 | D:1      | lonewolfV2 the Minotaur Monk began the quest for the Orb.
     0 | D:1      | Reached XP level 1. HP: 19/19 MP: 0/0
    29 | D:1      | Reached skill level 4 in Fighting
   357 | D:1      | Reached XP level 2. HP: 28/28 MP: 1/1
  1185 | D:2      | Reached skill level 5 in Fighting
  1281 | D:2      | Reached XP level 3. HP: 35/36 MP: 2/2
  1830 | D:2      | You fall into a shaft and drop 2 floors!
  2056 | D:5      | Entered Level 5 of the Dungeon
  2064 | D:5      | Reached skill level 6 in Fighting
  2064 | D:5      | Reached XP level 4. HP: 43/45 MP: 3/3
  2073 | D:5      | Noticed a black bear
  2085 | D:5      | Killed a black bear
  2086 | D:5      | Reached skill level 7 in Fighting
  2086 | D:5      | Reached XP level 5. HP: 19/53 MP: 4/4
  2332 | D:5      | Noticed an ice beast
  2349 | D:5      | Reached skill level 8 in Fighting
  2358 | D:5      | HP: 1/53 [ice beast (6)]
  2360 | D:5      | Gained mutation: You do not regenerate when monsters are
                  | visible. [potion of mutation]
  2360 | D:5      | Gained mutation: Your magical capacity is low. (-10% MP)
                  | [potion of mutation]
  2360 | D:5      | Gained mutation: You are covered in fur. (AC +1) [potion of
                  | mutation]
  2371 | D:5      | HP: 1/53 [ice beast (14)]
  2373 | D:5      | Slain by an ice beast

Illustrated notes

Levels and vault maps discovered:
D:1:      amcnicky_arrival_feature_with_door, layout_basic, serial_forest,
          infiniplex_forest_lined_room_3, infiniplex_forest_lined_2,
          infiniplex_forest_clump_cross, infiniplex_forest_lined_room_2,
          infiniplex_forest_clump_C, infiniplex_forest_clump_small,
          infiniplex_forest_straight_1
D:2:      layout_loops_corners
D:4:      layout_basic
D:5:      layout_basic, makhleb_altar_promises_db, st_stairs_4

Skill      XL: |  1  2  3  4  5 |
---------------+----------------+-----
Fighting       | 4 5 6 7 8 |  8.1
Axes           | |  3.6
Dodging        | |  3.2

Action                     |  1- 3 |  4- 6 || total
---------------------------+-------+-------++-------
  Melee: Hand axe          |    71 |    45 ||   116
         Headbutt          |    19 |    12 ||    31
    Use: Scroll            |     1 |       ||     1
         Potion            |       |     5 ||     5
 Armour: Robe              |    10 |    12 ||    22
  Dodge: Dodged            |    47 |    31 ||    78
